Map: Void Thrashing

Players

raincamp

  • Race: Terran Terran

raincamp

  • Race: Terran Terran
  • Spawn Location: 6:00

VOD

Have the link to the VOD?

Description

Time

  • Played on: Dec. 18, 2017, 9:49 a.m.
  • Length: 15:16
Show
View Real Time Build Order
Export as new Build Order

raincamp Terran 

Build Orders:  

Get SALT Encoding   

  12  0:05  Starport Tech Lab  
  12  0:08  SCV  
  13  0:25  SCV  
  13  0:28  Supply Depot  
  15  0:42  SCV  
  15  0:52  Refinery  
  16  1:03  SCV  
  17  1:20  SCV  
  17  1:37  SCV  
  18  1:44  Command Center  
  19  1:54  SCV  
  20  2:11  SCV  
  20  2:19  Assault Galleon  
  21  2:31  SCV  
  21  2:42  Refinery  
  21  2:48  SCV  
  22  2:58  Engineering Bay  
  22  3:05  SCV  
  24  3:22  SCV  
  24  3:29  SCV  
  25  3:37  Armory  
  25  3:39  Reaper  
  27  3:43  SCV  
  27  3:46  SCV  
  27  3:49  Reaper  
  29  3:59  Reaper, SCV  
  32  4:03  SCV  
  32  4:16  SCV  
  34  4:20  SCV  
  34  4:24  Reaper  
  35  4:45  Command Center  
  36  4:52  SCV  
  36  4:55  SCV  
  37  5:09  SCV  
  39  5:12  SCV  
  39  5:26  SCV  
  39  5:27  Jetpack Overdrive  
  39  5:29  SCV  
  41  5:38  Assault Galleon  
  42  5:42  Assault Galleon  
  42  5:43  SCV  
  42  5:44  Assault Galleon  
  42  5:46  SCV  
  43  5:58  Multi-Threaded Sensors  
  44  6:00  SCV  
  44  6:02  Assault Galleon  
  44  6:03  Reaper  
  45  6:13  Reaper, Horner Weapons Level 1  
  46  6:27  Supply Depot  
  46  6:29  Supply Depot  
  46  6:30  LE9 Cluster Charges  
  46  6:53  Reaper  
  46  6:59  SCV  
  46  7:02  Reaper x3  
  46  7:08  Supply Depot  
  51  7:10  Supply Depot  
  51  7:11  Reaper x2  
  51  7:12  Reaper x3  
  53  7:21  Reaper x2  
  53  7:22  Theia Raven  
  57  7:30  Reaper x4  
  57  7:31  Reaper  
  57  7:39  Tactical Jump  
  61  7:40  Reaper x4  
  61  7:43  Reaper  
  65  7:50  Reaper x3  
  65  7:59  Reaper  
  67  8:00  Reaper x4  
  67  8:09  Reaper  
  72  8:10  Reaper  
  73  8:28  Reaper x5  
  78  8:37  Reaper  
  78  8:38  Reaper x4  
  81  8:47  Reaper  
  81  8:48  Reaper  
  83  8:56  Reaper  
  83  8:57  Reaper x3  
  83  8:58  Reaper  
  88  9:06  Reaper  
  88  9:07  Reaper x3  
  88  9:08  Reaper  
  93  9:16  Reaper  
  96  9:30  Reaper x2, Hellbat  
  96  9:31  Reaper  
  98  9:59  Supply Depot  
  98  10:00  Horner Weapons Level 2  
  98  10:01  Supply Depot  
  98  10:02  Supply Depot  
  98  10:09  Reaper x5  
  103  10:11  Theia Raven  
  103  10:19  Reaper x5  
  110  10:28  Reaper  
  110  10:29  Reaper x4  
  112  10:38  Reaper  
  112  10:39  Reaper x4  
  116  10:48  Reaper  
  116  10:49  Reaper  
  116  11:06  Reaper, Hellbat  
  116  11:07  Reaper  
  116  11:08  Reaper x2  
  121  11:16  Reaper x2  
  121  11:17  Reaper x2  
  121  11:18  Reaper  
  123  11:26  Reaper x2  
  123  11:27  Reaper x2  
  123  11:28  Reaper  
  124  11:36  Reaper  
  116  11:45  Reaper  
  116  11:46  Reaper  
  116  11:47  Reaper  
  115  12:19  Reaper  
  116  12:20  Reaper x4  
  116  12:29  Reaper  
  120  12:30  Reaper x4  
  120  12:39  Reaper  
  123  12:40  Reaper x4  
  123  12:49  Reaper  
  126  12:50  Reaper x4  
  126  12:59  Reaper  
  119  13:00  Reaper x4  
  119  13:09  Reaper  
  113  13:10  Reaper x4  
  113  13:19  Reaper  
  103  13:20  Reaper x3  
  103  13:21  Reaper  
  103  13:29  Reaper  
  97  13:35  Reaper  
  97  13:36  Reaper x3  
  97  13:38  Theia Raven  
  97  13:39  Reaper  
  103  13:45  Reaper  
  103  13:46  Reaper x3  
  103  13:49  Reaper  
  106  13:55  Reaper  
  106  13:56  Reaper x2  
  106  13:59  Reaper  
  102  14:05  Reaper  
  102  14:06  Reaper x2  
  104  14:15  Reaper  
  104  14:16  Reaper x3  
  108  14:25  Reaper  
  108  14:26  Reaper  
Show
View Real Time Build Order
Export as new Build Order

raincamp Terran 

Build Orders:  

Get SALT Encoding   

  12  0:36  Supply Depot  
Tags
 
Commander
HornerRaynor
Matchup
Co-op
Replay Pack
Co-op Speedrun
Add a new tag
Caveats
  • Supply blocks, unpowered buildings, or Contaminate may cause inaccurate times.
  • Supply counts are checked every 10 seconds.